 Dungeon Crawl Stone Soup version 0.32-a0-329-ge6c31236d6 (webtiles) character file.

Game seed: 5743288083060207058

1689 Newt the Trooper (level 8, -5/65 HPs)
             Began as a Demonspawn Gladiator on Feb 16, 2024.
             Was a Follower of Makhleb.
             Killed from afar by an electric eel (11 damage)
             ... with a bolt of electricity
             ... on level 6 of the Dungeon.
             The game lasted 00:05:12 (4746 turns).

Newt the Trooper (Demonspawn Gladiator)             Turns: 4746, Time: 00:05:12

Health: -5/65      AC:  5    Str: 15    XL:     8   Next: 72%
Magic:  8/8        EV: 14    Int:  8    God:    Makhleb [*.....]
Gold:   304        SH:  0    Dex: 17    Spells: 7/7 levels left

rFire   . . .        a - +0 rapier
rCold   . . .        (no shield)
rNeg    . . .        b - +0 leather armour
rPois   .            c - +0 helmet
rElec   .            (no cloak)
rCorr   .            (no gloves)
SInv    .            o - +0 pair of boots
Will    .....        (no amulet)
Stlth   +            (no ring)
HPRegen 0.30/turn    (no ring)
MPRegen 0.11/turn

%: no passive effects
@: no status effects
A: ignite blood 1, spiny 3, weakness stinger 1
a: Renounce Religion


You were on level 6 of the Dungeon.
You worshipped Makhleb.
Makhleb was aware of your devotion.
You visited 2 branches of the dungeon, and saw 7 of its levels.

You collected 304 gold pieces.

Inventory:

Hand Weapons
 a - a +0 rapier (weapon)
Missiles
 d - 3 throwing nets (quivered)
 e - a javelin
 p - 3 silver javelins
 r - 14 poisoned darts
Armour
 b - a +0 leather armour (worn)
 c - a +0 helmet (worn)
 o - a +0 pair of boots (worn)
Jewellery
 q - a ring of magical power
 t - a ring of ice
Wands
 u - a wand of paralysis (2)
 w - a wand of mindburst (6)
Scrolls
 f - 2 scrolls of poison
 g - 3 scrolls of fog
 h - a scroll of amnesia
 j - a scroll of summoning
 k - a scroll of vulnerability
 l - a scroll of teleportation
 s - a scroll of immolation {unknown}
 x - a scroll of blinking {unknown}
Potions
 m - a potion of brilliance {unknown}
 n - a potion of haste {unknown}
 v - a potion of degeneration {unknown}


   Skills:
 + Level 6.7 Fighting
 - Level 5.1 Short Blades
 - Level 1.7 Throwing
 - Level 6.0 Dodging
 * Level 4.8 Evocations


You had 7 spell levels left.
You didn't know any spells.
Your spell library contained the following spells:

 Spells                   Type           Power      Damage    Failure   Level
 Necrotise                Necr           0%         1d4       47%         1
 Sting                    Conj/Alch      0%         1d3       47%         1
 Blink                    Tloc           0%         N/A       63%         2
 Lesser Beckoning         Tloc           0%         N/A       63%         2
 Mercury Vapours          Alch/Air       0%         N/A       63%         2
 Momentum Strike          Conj/Tloc      0%         3d8       63%         2
 Scorch                   Fire           0%         2d5       63%         2
 Gell's Gravitas          Tloc           0%         N/A       85%         3
 Summon Ice Beast         Ice/Summ       0%         N/A       85%         3
 Teleport Other           Tloc           0%         N/A       85%         3
 Olgreb's Toxic Radiance  Alch           0%         N/A       99%         4
 Vhi's Electric Charge    Tloc/Air       0%         N/A       99%         4
 Arcjolt                  Conj/Air       0%         1d10      100%        5
 Summon Mana Viper        Hex/Summ       0%         N/A       100%        5
 Dispersal                Tloc           0%         N/A       100%        6
 Monstrous Menagerie      Summ           0%         N/A       100%        7
 Ignition                 Fire           0%         3d3       100%        8
 Maxwell's Capacitive Co  Air            0%         ∞         100%        8
 Fire Storm               Conj/Fire      0%         5d1       100%        9


Dungeon Overview and Level Annotations

Branches:
Dungeon (6/15)             Temple (1/1) D:4

Altars:
Ashenzari
Cheibriados
Dithmenos
Fedhas
Hepliaklqana
Kikubaaqudgha
Makhleb
Okawaru
Qazlal
Uskayaw
Vehumet
Xom
Yredelemnul


Innate Abilities, Weirdness & Mutations

Your demonic aura sometimes causes spilled blood to erupt in flames.
You are completely covered in sharp spines.
You have a small tail.


Message History

a +0 dagger; a +0 robe; an orc skeleton You see here a black bear skeleton.
Found a stone staircase leading down.
An electric eel comes into view.
An electric eel is nearby!
The electric eel shoots out a bolt of lightning at you!
The bolt of electricity hits you!
An electric eel comes into view.
Found a book of Weapons and a scroll labelled FAERIA GOTUAL.
An electric eel comes into view.
The electric eel shoots out a bolt of lightning at you!
The bolt of electricity hits the plant!
The plant begins to die.
The bolt of electricity hits you.
The electric eel shoots out a bolt of lightning at you!
The bolt of electricity hits the plant!
The plant begins to die.
The bolt of electricity hits the plant!
The plant begins to die.
The bolt of electricity hits you!
Unknown command.
The electric eel shoots out a bolt of lightning at you!
The bolt of electricity hits the plant! x3; The bolt of electricity hits you!
A nearby plant withers and dies.
The electric eel shoots out a bolt of lightning at you!
The bolt of electricity misses you.
The electric eel shoots out a bolt of lightning at you!
The bolt of electricity hits the plant!
The plant begins to die.
The bolt of electricity hits the plant.
The bolt of electricity hits the electric eel.
The electric eel completely resists.
The bolt of electricity misses you.
A nearby plant withers and dies. x2
The electric eel shoots out a bolt of lightning at you!
The bolt of electricity hits the electric eel.
The electric eel completely resists.
The bolt of electricity hits you!
* * * LOW HITPOINT WARNING * * *
Unknown command.
The electric eel shoots out a bolt of lightning at you!
The bolt of electricity hits you!
* * * LOW HITPOINT WARNING * * *
The electric eel shoots out a bolt of lightning at you!
The bolt of electricity hits you!
You die...

.# #.....).# .#
#.#####)# .# #.#
#.# .#######.# #÷#
..o......# #.#
..###....#####.###
...P.....+>......#
...PPP...#.###.#.#
...._P...+ ...#@#
≈..PPP...# #####.#
...P.P#### # . #.#
...#### #.#.#.#.##
...# ......#..#
...# #....## ####
....:.♣.S~#
....#♣S.~~♣ .?.
~~~.PS~♣


You could see 2 electric eels.

Vanquished Creatures
  Eustachio (D:5)
  A water moccasin (D:5)
  An orc warrior (D:6)
  2 black bears
  A sky beast (D:6)
  2 ogres (D:5)
  2 phantoms
  3 scorpions (D:6)
  An electric eel (D:6)
  2 jellies
  2 orc priests
  3 hounds
  Ijyb (D:5)
  An iguana (D:6)
  2 orc wizards
  9 adders
  5 dart slugs
  2 ribbon worms (D:2)
  5 orcs
  4 bats
  6 endoplasms
  A giant cockroach (D:4)
  7 goblins
  5 hobgoblins
  12 jackals
  7 kobolds
  4 quokkas
  8 ball pythons
  4 frilled lizards
  3 rats
107 creatures vanquished.

Notes
Turn   | Place    | Note
-------+----------+-------------------------------------------
     0 | D:1      | Newt the Demonspawn Gladiator began the quest for the Orb.
     0 | D:1      | Reached XP level 1. HP: 16/16 MP: 1/1
   135 | D:1      | Discovered your monstrous ancestry.
   135 | D:1      | Gained mutation: You have a small tail. [demonic ancestry]
   135 | D:1      | Reached XP level 2. HP: 22/22 MP: 2/2
   484 | D:1      | Gained mutation: You are partially covered in sharp spines.
                  | [demonic ancestry]
   484 | D:1      | Reached XP level 3. HP: 28/28 MP: 3/3
   978 | D:2      | Gained mutation: You are mostly covered in sharp spines.
                  | [demonic ancestry]
   978 | D:2      | Reached XP level 4. HP: 32/34 MP: 4/4
  1284 | D:3      | Found a faded altar of an unknown god.
  1287 | D:3      | Got Plato's Parchment of the Mausoleum
  1388 | D:3      | Found a hazy altar of Hepliaklqana.
  1509 | D:3      | Found a shadowy altar of Dithmenos.
  1774 | D:3      | Reached XP level 5. HP: 41/41 MP: 5/5
  2059 | D:4      | Found a hide-covered altar of Uskayaw.
  2185 | D:4      | Noticed a phantom
  2192 | D:4      | Killed a phantom
  2193 | D:4      | Reached skill level 5 in Short Blades
  2218 | D:4      | Found a staircase to the Ecumenical Temple.
  2233 | Temple   | Entered the Ecumenical Temple
  2255 | Temple   | Became a worshipper of Makhleb the Destroyer
  2369 | D:4      | Gained mutation: You are completely covered in sharp
                  | spines. [demonic ancestry]
  2369 | D:4      | Reached XP level 6. HP: 47/48 MP: 6/6
  2733 | D:5      | Entered Level 5 of the Dungeon
  2735 | D:5      | Noticed a water moccasin
  2741 | D:5      | Killed a water moccasin
  2798 | D:5      | Reached * piety under Makhleb
  2904 | D:5      | Found a shimmering altar of Xom.
  2934 | D:5      | Got the Almanac of Combustive Spagyria
  2993 | D:5      | Gained mutation: Your demonic aura sometimes causes spilled
                  | blood to erupt in flames. [demonic ancestry]
  2993 | D:5      | Reached XP level 7. HP: 28/55 MP: 7/7
  3094 | D:5      | Noticed Ijyb
  3111 | D:5      | Killed Ijyb
  3337 | D:5      | Noticed Eustachio
  3337 | D:5      | Found a snail-covered altar of Cheibriados.
  3355 | D:5      | Killed Eustachio
  3356 | D:5      | Reached skill level 5 in Fighting
  3356 | D:5      | Reached skill level 5 in Dodging
  3573 | D:5      | Reached XP level 8. HP: 63/63 MP: 8/8
  3906 | D:6      | Reached skill level 1 in Evocations
  3972 | D:6      | Found an iron altar of Okawaru.
  4381 | D:6      | Found a stormy altar of Qazlal.
  4386 | D:6      | Found a blossoming altar of Fedhas.
  4448 | D:6      | HP: 3/65 [orc wizard/magic dart (4)]
  4746 | D:6      | Killed from afar by an electric eel

Illustrated notes

Levels and vault maps discovered:
D:1:      ncdulo_halloftheorcs, layout_loops_ring
D:2:      layout_basic
D:3:      layout_basic, elyvilon_altar_3, mainiacjoe_overflow_small_starburst,
          nicolae_dithmenos_through_a_glass_darkly,
          shapermc_ecumenical_altar_rom_forum, kennysheep_boxes
D:4:      layout_loops_ring, nicolae_uskayaw_murder_on_the_dancefloor,
          temple_fountains
D:5:      layout_basic, mainiacjoe_overflow_brackets,
          mainiacjoe_overflow_concentric_impassable,
          mainiacjoe_overflow_alcove_4, minmay_misc_feat_tower, uniq_ijyb,
          uniq_eustachio
D:6:      layout_basic, grunt_temple_overflow_forces_of_nature,
          mainiacjoe_overflow_cross_hatched, serial_bayou_lagoon_b
Temple:   nicolae_temple_bog_church

Skill      XL: |  1  2  3  4  5  6  7  8 |
---------------+-------------------------+-----
Short Blades   | 3 4 5 |  5.1
Fighting       | 3 4 5 6 |  6.7
Dodging        | 3 4 6 |  6.0
Evocations     | 4 |  4.8
Throwing       | |  1.7

Action                     |  1- 3 |  4- 6 |  7- 9 || total
---------------------------+-------+-------+-------++-------
  Melee: Rapier            |    70 |    90 |    79 ||   239
         Tailslap          |     5 |    13 |    12 ||    30
  Throw: Dart              |       |     1 |       ||     1
  Evoke: Wand              |       |     1 |     9 ||    10
    Use: Scroll            |       |     4 |     2 ||     6
         Potion            |       |       |     2 ||     2
   Stab: Sleeping          |     4 |     1 |       ||     5
         Paralysed         |       |     2 |     6 ||     8
 Armour: Leather armour    |    38 |    35 |    58 ||   131
  Dodge: Dodged            |    33 |    41 |    48 ||   122

Table legend: (Time is in decaauts)
 A = Elapsed time spent in this place.
 B = Non-inter-level travel time spent in this place.
 C = Inter-level travel time spent in this place.
 D = Time resting spent in this place.
 E = Time spent auto-exploring this place.
 F = Levels seen in this place.
 G = Mean time per level.
                   A        B        C        D        E       F      G
               +--------+--------+--------+--------+--------+-----+--------+
         Total |   4749 |   4567 |    182 |    751 |   3083 |   7 |  678.4 |
       Dungeon |   4701 |   4564 |    137 |    751 |   3083 |   6 |  783.5 |
        Temple |     47 |      2 |     45 |      0 |      0 |   1 |   47.0 |
               +--------+--------+--------+--------+--------+-----+--------+

Top non-repeatable levels by time:
     D:5: 1158 daAuts
     D:6: 853 daAuts
     D:3: 812 daAuts
     D:1: 725 daAuts
     D:4: 667 daAuts
     D:2: 484 daAuts
  Temple: 47 daAuts
